 Dungeon Crawl Stone Soup version 0.24-a0-7-g1bb0902 (webtiles) character file.

Game seed: 6080093646660497148

67 Mgcat the Insei (level 4, -5/29 HPs)
             Began as an Octopode Transmuter on Jan 30, 2019.
             Slain by an iguana (12 damage)
             ... on level 4 of the Dungeon.
             The game lasted 00:05:26 (2006 turns).

Mgcat the Insei (Octopode Transmuter)               Turns: 2006, Time: 00:05:27

Health: -5/29      AC:  1    Str: 10    XL:     4   Next: 18%
Magic:  7/7        EV: 14    Int: 15    God:
Gold:   99         SH:  0    Dex: 15    Spells: 1/7 levels left

rFire    . . .     SeeInvis .     - Unarmed
rCold    . . .     Gourm    .   (no shield)
rNeg     + . .     Faith    .   (helmet restricted)
rPois    .         Spirit   .   k - amulet of inaccuracy (curse)
rElec    .         Reflect  .   i - ring of positive energy {rN+}
rCorr    .         Harm     .   j - +3 ring of dexterity
MR       +....                  p - ring of protection from magic {MR+, !d}
Stlth    +++.......             (no ring)
HPRegen  0.09/turn              (no ring)
MPRegen  0.10/turn              (no ring)
                                (no ring)
                                (no ring)

@: no status effects
A: almost no armour, stealthy swim, amphibious, 8 rings, constrict 8, camouflage
1, gelatinous body 1
a: no special abilities


You were on level 4 of the Dungeon.
You were not hungry.

You visited 1 branch of the dungeon, and saw 3 of its levels.

You collected 99 gold pieces.

Inventory:

Missiles
 a - 35 arrows
Jewellery
 d - an uncursed amulet of faith {Faith, !P}
   (You found it on level 1 of the Dungeon)
 i - a ring of positive energy (left tentacle) {rN+}
   (You found it on level 1 of the Dungeon)
 j - a +3 ring of dexterity (right tentacle)
   (You found it on level 2 of the Dungeon)
 k - a cursed amulet of inaccuracy (around mantle)
   (You found it on level 4 of the Dungeon)
 p - a ring of protection from magic (on tentacle) {MR+, !d}
   (You found it on level 2 of the Dungeon)
Wands
 b - a wand of digging (5)
   (You found it on level 2 of the Dungeon)
Potions
 e - 2 potions of curing {unknown}
 g - a potion of agility {unknown}
 h - 3 potions of heal wounds {unknown}
 m - a potion of degeneration {unknown}
 o - a potion of might {unknown}
Comestibles
 c - 3 rations
 f - 2 chunks of flesh {@w0}


   Skills:
 + Level 1.8 Fighting
 + Level 2.5 Dodging
 + Level 2.0 Stealth
 + Level 3.4 Unarmed Combat
 - Level 2.0 Spellcasting
 + Level 2.5 Transmutations
 + Level 0.6 Poison Magic


You had one spell level left.
You knew the following spells:

 Your Spells              Type           Power        Failure   Level  Hunger
a - Beastly Appendage     Tmut           #.....       8%          1    #......
b - Sticks to Snakes      Tmut           #.......     12%         2    ###....
c - Spider Form           Tmut/Pois      #.........   34%         3    ###....

Your spell library contained the following spells:

 Spells                   Type           Power        Failure   Level  Hunger
 Ice Form                 Ice/Tmut       #.......     78%         4    #####..
 Blade Hands              Tmut           #.........   91%         5    ######.


Dungeon Overview and Level Annotations

Branches:
Dungeon (4/15)
 Temple: D:4-7

Altars:
The Shining One

Annotations:
D:2 exclusions: gnoll and 4 more exclusions
D:4 Blork the orc


Innate Abilities, Weirdness & Mutations

You cannot wear most types of armour.
You are very stealthy in the water. (Stealth+)
You are amphibious.
You can wear up to eight rings at the same time.
You can use your tentacles to constrict eight enemies at once.
Your skin changes colour to match your surroundings (Stealth+).
Your rubbery body absorbs attacks. (AC +1, EV +1)


Message History

Unknown command.
Unknown command.
Unknown command.
You start resting.
An iguana comes into view.
Unknown command.
Unknown command.
Unknown command.
Unknown command.
Unknown command.
Unknown command.
Unknown command.
Unknown command.
Unknown command.
Unknown command.
A giant cockroach comes into view.
Unknown command.
Unknown command.
Unknown command.
Unknown command.
You start resting.
The iguana is too close now for your liking.
You regained 2 hp, and now have 12/29 hp.
You are feeling hungry.
You start resting.
Eating one of 2 chunks of flesh {@w0}.
You eat one of the 2 chunks of flesh {@w0}.
This raw flesh tastes terrible.
All of the chunks of flesh in your inventory have rotted away.
HP restored.
You regained 11 hp, and now have 24/29 hp.
You start resting.
HP restored.
Health restored: 29 Key pressed, stopping explore.
Unknown command.
Unknown command.
Unknown command.
Unknown command.
A quokka comes into view.
You miss the quokka. You grab the quokka. You squeeze the quokka.
The quokka is severely wounded.
You constrict the quokka. The quokka misses you.
You tentacle-slap the quokka but do no damage.
The quokka is almost dead.
You constrict the quokka.
You kill the quokka!
You see here a quokka corpse.
You butcher the quokka corpse.
f - 2 chunks of flesh {@w0} You see here a quokka skeleton.
An adder zombie comes into view.
You see here a quokka skeleton.
You closely miss the adder zombie. You grab the adder zombie.
You squeeze the adder zombie!
The adder zombie is heavily damaged.
You constrict the adder zombie. The adder zombie bites you.
You take 3 damage, and have 26/29 hp.
You tentacle-slap the adder zombie.
The adder zombie is almost destroyed.
You constrict the adder zombie.
You destroy the adder zombie!
You start resting.
HP restored.
Health restored: 29 You see here a quokka skeleton.
k - a triangular garnet amulet Put on which piece of jewellery? (? for menu, Esc to quit)
Oops, that amulet feels deathly cold.
k - a cursed amulet of inaccuracy (around mantle)
As you read the scroll labeled DOFENI XAESI, it crumbles to dust.
It is a scroll of amnesia.
Okay, then.
Unknown command.
Unknown command.
Found a stone staircase leading down.
The iguana is too close now for your liking.
The iguana hisses angrily.
The iguana completely misses you.
You tentacle-slap the iguana. Your grab misses the iguana.
The iguana is lightly wounded.
The iguana bites you!
You take 12 damage, and have 17/29 hp.
MASSIVE DAMAGE!!
You are too injured to fight recklessly!
You miss the iguana. You grab the iguana.
The iguana is lightly wounded.
You constrict the iguana, but do no damage.
The iguana bites you.
You take 2 damage, and have 15/29 hp.
Unknown command.
You closely miss the iguana.
The iguana is lightly wounded.
You constrict the iguana. The iguana bites you!
* * * LOW HITPOINT WARNING * * *
You take 8 damage, and have 7/29 hp.
MASSIVE DAMAGE!!
Unknown command.
You tentacle-slap the iguana but do no damage.
The iguana is moderately wounded.
You constrict the iguana, but do no damage.
The iguana bites you!
You die...

.............#
######.......#
##......#
##.....#
#.....#
#.....#
#..#### #..#
#@## ......l.#
.###.#### ..
##


You could see an iguana.

Vanquished Creatures
  An adder (D:2)
  A shadow imp (D:2)
  An adder zombie (D:4)
  A dart slug (D:2)
  4 leopard geckos
  3 giant cockroaches
  3 goblins
  5 hobgoblins
  5 jackals (D:1)
  A quokka (D:4)
  6 bats
  2 frilled lizards
  A kobold (D:1)
  4 rats
38 creatures vanquished.

Notes
Turn   | Place    | Note
-------+----------+-------------------------------------------
     0 | D:1      | Mgcat the Octopode Transmuter began the quest for the Orb.
     0 | D:1      | Reached XP level 1. HP: 13/13 MP: 3/3
   107 | D:1      | HP: 2/13 [jackal (2)]
   108 | D:1      | Reached XP level 2. HP: 3/18 MP: 5/5
   398 | D:1      | Reached skill level 1 in Stealth
   671 | D:1      | Learned a level 2 spell: Sticks to Snakes
   695 | D:1      | Reached XP level 3. HP: 22/23 MP: 6/6
   756 | D:1      | Found a glowing golden altar of the Shining One.
  1459 | D:2      | Learned a level 3 spell: Spider Form
  1499 | D:2      | Reached skill level 2 in Stealth
  1506 | D:2      | Reached XP level 4. HP: 23/29 MP: 7/7
  1631 | D:2      | You fall through a shaft for 2 floors!
  1632 | D:4      | Noticed Blork the orc
  1633 | D:4      | Noticed an ogre
  2005 | D:4      | HP: 7/29 [iguana (8)]
  2006 | D:4      | Slain by an iguana

Vault maps used:
D:1:      minmay_arrival_nine_rooms, minivault_14, tso_altar
D:2:      nicolae_ru_path_of_blood
D:4:      minmay_evil_eye, minmay_cupped, uniq_blork_the_orc, uniq_natasha

Skill      XL: |  1  2  3 |
---------------+----------+-----
Stealth        | 1 2 |  2.0
Fighting       | |  1.8
Dodging        | |  2.5
Unarmed Combat | |  3.4
Spellcasting   | |  2.0
Transmutations | |  2.5
Poison Magic   | |  0.6

Action                   |  1- 3 |  4- 6 || total
-------------------------+-------+-------++-------
Melee: Unarmed           |    81 |    15 ||    96
       Constrict         |    20 |     4 ||    24
       Tentacles         |    13 |     2 ||    15
       Kick              |     2 |       ||     2
       Punch             |     1 |       ||     1
 Cast: Beastly Appendage |     3 |       ||     3
  Use: Scroll            |       |     3 ||     3
 Stab: Sleeping          |    12 |     1 ||    13
  Eat: Chunk             |     2 |     1 ||     3
Armor: Skin              |     3 |       ||     3
Dodge: Dodged            |    54 |     7 ||    61

Table legend:
 A = Non-vault XP
 B = Vault XP
 C = Vault XP percentage of total XP
 D = Non-vault monster count
 E = Vault monster count
 F = Vault count percentage of total count
                 A         B        C        D         E       F
            +---------+---------+-------+---------+---------+-------
      Total |      97 |       0 |   0.0 |      38 |       0 |   0.0
            +---------+---------+-------+---------+---------+-------
        D:1 |      36 |       0 |   0.0 |      21 |       0 |   0.0
        D:2 |      53 |       0 |   0.0 |      15 |       0 |   0.0
        D:4 |       8 |       0 |   0.0 |       2 |       0 |   0.0
            +---------+---------+-------+---------+---------+-------

Vault maps used:
D:1:      minmay_arrival_nine_rooms, minivault_14, tso_altar
D:2:      nicolae_ru_path_of_blood
D:4:      minmay_evil_eye, minmay_cupped, uniq_blork_the_orc, uniq_natasha

Table legend:
 A = Turns spent in this place as a percentage of turns spent in the entire game.
 B = Non-inter-level travel turns spent in this place as a percentage of non-inter-level travel turns spent in the entire game.
 C = Inter-level travel turns spent in this place as a percentage of turns spent in this place.
 D = Turns resting spent in this place as a percentage of non-inter-level travel turns spent in this place.
 E = Turns spent auto-exploring this place as a percentage of non-inter-level travel turns spent in this place.
 F = Non-inter-level travel turns spent in this place divided by the number of levels of this place that you've seen.
                   A       B       C       D       E      F
               +-------+-------+-------+-------+-------+----------------------
         Total | 100.0 | 100.0 |   4.2 |  32.8 |  46.3 | 640.7
       Dungeon | 100.0 | 100.0 |   4.2 |  32.8 |  46.3 | 640.7
               +-------+-------+-------+-------+-------+----------------------

Table legend:
 A = Kills in this place as a percentage of kills in entire the game.
 B = Kills by you in this place as a percentage of kills by you in the entire game.
 C = Kills by friends in this place as a percentage of kills by friends in the entire game.
 D = Other kills in this place as a percentage of other kills in the entire game.
 E = Experience gained in this place as a percentage of experience gained in the entire game.
 F = Experience gained in this place divided by the number of levels of this place that you have seen.
                   A       B       C       D       E      F
               +-------+-------+-------+-------+-------+----------------------
         Total | 100.0 | 100.0 |   N/A |   N/A | 100.0 |  32.3
       Dungeon | 100.0 | 100.0 |   N/A |   N/A | 100.0 |  32.3
               +-------+-------+-------+-------+-------+----------------------
